 Dungeon Crawl Stone Soup version 0.29.1-15-g9cfb28693d (webtiles) character file.

Game seed: 15063050972303693076

64785 croobank the Brawler (level 14, -25/144 HPs)
             Began as a Troll Fighter on Apr 23, 2023.
             Was an Elder of Wu Jian.
             Annihilated by a white ugly thing (30 damage)
             ... on level 15 of the Dungeon on Apr 24, 2023.
             The game lasted 01:34:21 (16276 turns).

croobank the Brawler (Troll Fighter)               Turns: 16276, Time: 01:34:21

Health: -25/144    AC:  4    Str: 27    XL:     14   Next: 73%
Magic:  13/13      EV: 15    Int:  8    God:    Wu Jian [****..]
Gold:   1133       SH: 11    Dex:  9    Spells: 13/13 levels left

rFire   . . .      SeeInvis .     - Unarmed
rCold   . . .      Faith    .   b - +1 kite shield
rNeg    . . .      Spirit   .   J - +1 troll leather armour
rPois   .          Reflect  .   c - +2 hat {Will+}
rElec   .          Harm     .   r - +2 cloak
rCorr   +          Rampage  .   (gloves unavailable)
Will    ++...                   (boots unavailable)
Stlth   +.........              v - amulet of regeneration
HPRegen 2.74/turn               D - ring of resist corrosion
MPRegen 0.13/turn               l - +4 ring of evasion

@: corroded
A: large, unfitting armour, claws 3, regeneration 1, shaggy fur 1, tough skin 1
a: Renounce Religion, Wall Jump, Serpent's Lash


You were on level 15 of the Dungeon.
You worshipped Wu Jian.
Wu Jian was greatly pleased with you.
You visited 3 branches of the dungeon, and saw 21 of its levels.
You also visited: Gauntlet.

You collected 1379 gold pieces.
You spent 246 gold pieces at shops.

Inventory:

Hand Weapons
 e - a +3 short sword of venom
 q - a +5 long sword of protection
 z - a +0 dagger of speed
 M - the +5 long sword of the Mauling Gods {antimagic, rElec Int+3}
   (You found it on level 2 of the Lair of Beasts)

   It reduces the magical energy of the wielder, and disrupts the spells and
   magical abilities of those it strikes.
   Natural abilities and divine invocations are not affected.
   Int:       It affects your intelligence (+3).
   rElec:     It insulates you from electricity.
 R - the +8 rapier "Foigosis" {vorpal, rElec rF- Str+10 Int+7}
   (You took it off an orc priest on level 10 of the Dungeon)

   It inflicts extra damage upon your enemies.
   Str:       It affects your strength (+10).
   Int:       It affects your intelligence (+7).
   rF:        It makes you vulnerable to fire.
   rElec:     It insulates you from electricity.
Missiles
 o - 10 javelins (quivered)
 y - 20 boomerangs
 I - a throwing net
 K - 3 datura-tipped darts
 U - 6 large rocks
 X - 8 curare-tipped darts
Armour
 b - a +1 kite shield (worn)
 c - a +2 hat of willpower (worn)
 r - a +2 cloak (worn)
 J - a +1 troll leather armour (worn)
Jewellery
 i - a +4 ring of protection
 l - a +4 ring of evasion (right claw)
 v - an amulet of regeneration (around neck)
 D - a ring of resist corrosion (left claw)
 G - a ring of poison resistance
 W - a +6 ring of intelligence
 Y - an amulet of the acrobat
Wands
 a - a wand of mindburst (7)
 g - a wand of iceblast (4)
 u - a wand of charming (19)
 E - a wand of flame (19)
Scrolls
 f - a scroll of fog
 n - 3 scrolls of magic mapping
 p - 4 scrolls of teleportation
 s - a scroll of summoning
 F - a scroll of enchant weapon
 L - 4 scrolls of identify
 O - 2 scrolls of amnesia
 Q - 2 scrolls of torment
 S - a scroll of blinking
 T - 4 scrolls of immolation
 Z - 2 scrolls of silence
Potions
 d - 3 potions of flight
 h - 3 potions of attraction
 j - 3 potions of mutation
 k - 3 potions of lignification
 m - 3 potions of brilliance
 t - a potion of haste
 w - 5 potions of ambrosia
 x - 2 potions of heal wounds
 B - 8 potions of curing
 C - 5 potions of magic
 H - a potion of might
 P - a potion of cancellation
 V - a potion of berserk rage
Miscellaneous
 A - a phantom mirror
 N - a phial of floods


   Skills:
 + Level 10.7 Fighting
 + Level 9.5 Dodging
 + Level 11.6 Shields
 * Level 17.1 Unarmed Combat


You had 13 spell levels left.
You didn't know any spells.
Your spell library contained the following spells:

 Spells                   Type           Power      Damage    Failure   Level
 Poisonous Vapours        Pois/Air       0%         N/A       78%         2
 Ignite Poison            Fire/Tmut/Pois 0%         N/A       95%         3
 Mephitic Cloud           Conj/Pois/Air  0%         N/A       95%         3
 Ozocubu's Armour         Ice            0%         N/A       95%         3
 Tukima's Dance           Hex            0%         N/A       95%         3
 Anguish                  Hex/Necr       0%         N/A       100%        4
 Passage of Golubria      Tloc           0%         N/A       100%        4
 Yara's Violent Unravell  Hex/Tmut       0%         3d3       100%        5
 Enfeeble                 Hex            0%         N/A       100%        7
 Ozocubu's Refrigeration  Ice            0%         4d7       100%        7


Dungeon Overview and Level Annotations

Branches:
Dungeon (15/15)            Temple (1/1) D:7            Lair (5/5) D:9
 Shoals (0/4) Lair:3        Snake (0/4) Lair:2        Slime (0/5) Lair:4
    Orc (0/2) D:9          Vaults (0/5) D:13        Gauntlet (visited)
 Depths: D:15

Altars:
Ashenzari
Cheibriados
Dithmenos
Elyvilon
Fedhas
Gozag
Hepliaklqana
Kikubaaqudgha
Makhleb
Nemelex Xobeh
Okawaru
Qazlal
Ru
Sif Muna
Trog
Uskayaw
Vehumet
Wu Jian
Xom
Yredelemnul
Zin
The Shining One
Jiyva

Shops:
D:3 *   D:9 (

Annotations:
Lair:1 1 runed translucent door, croobank's ghost, journeyman DsFE


Innate Abilities, Weirdness & Mutations

You are too large for most types of armour.
You have claws for hands.
Your natural rate of healing is unusually fast.
You are covered in fur. (AC +1)
You have tough skin. (AC +1)


Message History

The brown ugly thing gores you! The acid corrodes you!
You are splashed with acid.
You resist.
The brown ugly thing gurgles horribly!
You mangle the brown ugly thing!!
The brown ugly thing is severely wounded.
The brown ugly thing misses you.
You claw the brown ugly thing!
The brown ugly thing is almost dead.
The white ugly thing closely misses you.
The brown ugly thing gores you! The acid corrodes you!
You are splashed with acid.
You resist.
You closely miss the brown ugly thing.
The brown ugly thing is almost dead.
The white ugly thing gores you! The white ugly thing freezes you!!
You scratch the brown ugly thing but do no damage.
The brown ugly thing is almost dead.
You block the brown ugly thing's attack.
The white ugly thing completely misses you.
You scratch the brown ugly thing but do no damage.
The brown ugly thing is almost dead.
The brown ugly thing basks in the mutagenic energy from its kin and changes! x2
You eviscerate the white ugly thing!!!
You kill the white ugly thing!
The Council accepts your kill.
You block the white ugly thing's attack.
You scratch the white ugly thing but do no damage.
The white ugly thing gores you! The white ugly thing freezes you!!
You are too injured to fight recklessly!
You are too injured to fight recklessly!
You are too injured to fight recklessly!
As you read the scroll of summoning, it crumbles to dust.
Wisps of shadow whirl around you... The white ugly thing punches you!
The white ugly thing freezes you!!
* * * LOW HITPOINT WARNING * * *
You block the white ugly thing's attack.
The white ugly thing attacks as you move away!
The white ugly thing punches you.
* * * LOW HITPOINT WARNING * * *
The white ugly thing freezes you!!
You die...

##...##
#.....####
#........#
#.....##.#####
##...###.#...#
#..##
#.#.#.#####
#..#
#.yH....... #
#..#
#ey.y...... #
#..#
#.#@#######
###
##.#....u.u#
..# ####....#
### ##...# ..#
##..# .[# '..#
### #..# #
...#


You could see 2 ugly things, a friendly manticore (summoned), a friendly deep
elf pyromancer (summoned) and 3 friendly vampire mosquitoes.

Vanquished Creatures
  Gastronok (D:9)
  7 hydras
  4 boulder beetles
  7 centaur warriors
  A catoblepas (D:14)
  5 two-headed ogres
  2 dancing weapons (D:13)
  8 death yaks
  2 tengu warriors (D:15)
  Sonja (D:11)
  A fire crab (Lair:4)
  A wizard (D:14)
  A lindwurm (Lair:3)
  A deep elf pyromancer (D:14)
  An oklob plant (Lair:4)
  2 cyclopes
  3 manticores
  4 black mambas
  4 ugly things
  2 merfolk sirens (Lair:3)
  Maurice (D:8)
  13 elephants
  6 cane toads
  A gargoyle (D:13)
  3 komodo dragons (Lair:3)
  2 kobold demonologists
  Psyche (D:8)
  2 tengu conjurers (D:13)
  2 rime drakes
  6 trolls
  A hornet (shapeshifter) (D:13)
  A merfolk (Lair:3)
  A hornet (Lair:5)
  6 polar bears
  9 dream sheep
  13 blink frogs
  A spriggan (shapeshifter) (D:15)
  2 spriggans (Lair:5)
  A basilisk (Lair:3)
  2 vampires (D:13)
  3 steam dragons
  Grum (D:11)
  38 yaks
  4 wyverns
  A harpy simulacrum (Lair:4)
  2 vampire mosquitoes (D:13)
  5 acid dragons
  18 water moccasins
  An ice beast (D:7)
  8 orc warriors
  22 wolves
  A boggart (Lair:5)
  14 centaurs
  2 phantoms
  3 kobold brigands
  6 bullfrogs
  2 necrophages
  3 scorpions
  13 wights
  6 howler monkeys
  4 electric eels (Lair:3)
  A hound (D:6)
  4 jellies
  15 orc priests
  2 gnoll boudas
  4 iguanas
  Natasha (thrice) (D:2)
  13 orc wizards
  10 hell rats
  9 gnolls
  5 adders
  A shadow imp (D:5)
  3 white imps
  2 ufetubi
  4 worms
  5 dart slugs
  43 orcs
  3 ball pythons
  9 endoplasms
  4 giant cockroaches
  8 goblins
  17 hobgoblins
  6 jackals (D:2)
  21 kobolds
  4 quokkas
  8 bats
  3 frilled lizards
  11 rats
507 creatures vanquished.

Vanquished Creatures (others)
  A bullfrog (Lair:4)
  An electric eel (D:14)
  2 orcs (D:6)
  18 demonic plants (Gauntlet)
  14 fungi
  20 plants
56 creatures vanquished.

Grand Total: 563 creatures vanquished

Notes
Turn   | Place    | Note
-------+----------+-------------------------------------------
     0 | D:1      | croobank the Troll Fighter began the quest for the Orb.
     0 | D:1      | Reached XP level 1. HP: 22/22 MP: 0/0
    81 | D:1      | You fall into a shaft and drop 1 floor!
   114 | D:1      | Reached XP level 2. HP: 16/29 MP: 1/1
   265 | D:1      | Reached XP level 3. HP: 36/36 MP: 2/2
   394 | D:1      | Found a faded altar of an unknown god.
   413 | D:1      | Reached skill level 3 in Unarmed Combat
   652 | D:2      | Noticed Natasha
   661 | D:2      | Killed Natasha
   662 | D:2      | Reached XP level 4. HP: 11/44 MP: 3/3
  1151 | D:2      | Noticed Natasha
  1156 | D:2      | Killed Natasha
  1157 | D:2      | Reached XP level 5. HP: 53/53 MP: 4/4
  1263 | D:2      | Noticed Natasha
  1270 | D:2      | Killed Natasha
  1271 | D:2      | Reached skill level 4 in Unarmed Combat
  1709 | D:3      | Found an ornate altar of the Wu Jian Council.
  1991 | D:3      | Found a shimmering blue altar of Sif Muna.
  2083 | D:3      | Found Vaonuf's General Store.
  2089 | D:3      | Bought a scroll of magic mapping for 97 gold pieces
  2089 | D:3      | Bought a scroll of teleportation for 39 gold pieces
  2182 | D:3      | Found a sacrificial altar of Ru.
  2356 | D:4      | Noticed an orc warrior
  2461 | D:3      | Reached XP level 6. HP: 61/61 MP: 5/5
  2589 | D:3      | Bought 4 poisoned darts for 20 gold pieces
  2724 | D:4      | HP: 3/61 [orc warrior/+0 battleaxe (7)]
  2929 | D:4      | Reached skill level 5 in Unarmed Combat
  3008 | D:5      | Entered Level 5 of the Dungeon
  3033 | D:5      | Noticed an acid dragon
  3099 | D:5      | Reached XP level 7. HP: 62/68 MP: 6/6
  3250 | D:5      | Reached skill level 6 in Unarmed Combat
  3493 | D:5      | Found a snail-covered altar of Cheibriados.
  3886 | D:6      | Found a white marble altar of Elyvilon.
  4052 | D:6      | Reached skill level 5 in Shields
  4052 | D:6      | Reached XP level 8. HP: 77/79 MP: 7/7
  4060 | D:6      | Reached skill level 7 in Unarmed Combat
  4245 | D:6      | Identified the +0 leather armour of the Distant Future
                  | {rElec}
  4416 | D:6      | Reached skill level 5 in Fighting
  4427 | D:6      | Reached skill level 8 in Unarmed Combat
  4559 | D:6      | Found a bloodstained altar of Trog.
  4715 | D:7      | Reached XP level 9. HP: 37/88 MP: 8/8
  4798 | D:7      | Noticed a two-headed ogre
  4810 | D:7      | Killed a two-headed ogre
  4811 | D:7      | Reached skill level 9 in Unarmed Combat
  4998 | D:7      | Found a staircase to the Ecumenical Temple.
  5007 | Temple   | Entered the Ecumenical Temple
  5183 | D:3      | Became a worshipper of the Wu Jian Council
  5581 | D:7      | Found a stormy altar of Qazlal.
  6050 | D:8      | Reached skill level 10 in Unarmed Combat
  6211 | D:8      | Noticed Psyche
  6232 | D:9      | Noticed a death yak
  6321 | D:8      | Found a blossoming altar of Fedhas.
  6336 | D:8      | Reached XP level 10. HP: 85/97 MP: 9/9
  6341 | D:8      | Reached * piety under Wu Jian
  6488 | D:8      | Killed Psyche
  6624 | D:8      | Noticed Maurice
  6631 | D:8      | Killed Maurice
  6785 | D:9      | Found a sparkling altar of Nemelex Xobeh.
  6874 | D:9      | Found a staircase to the Lair.
  6888 | D:9      | Noticed a death yak
  6892 | D:9      | Noticed a death yak
  6925 | D:8      | Killed a death yak
  7052 | D:10     | Entered Level 10 of the Dungeon
  7260 | D:9      | Reached skill level 11 in Unarmed Combat
  7268 | D:9      | Reached ** piety under Wu Jian
  7327 | D:9      | Reached skill level 5 in Dodging
  7344 | D:9      | Found a staircase to the Orcish Mines.
  7397 | D:9      | Found Tauden's Weapon Boutique.
  7573 | D:9      | Reached XP level 11. HP: 109/109 MP: 10/10
  7649 | D:9      | Found a broken altar of Ashenzari.
  7650 | D:9      | Found an iron altar of Okawaru.
  7651 | D:9      | Found a burning altar of Makhleb.
  7773 | D:9      | Killed a death yak
  7778 | D:9      | Killed a death yak
  7779 | D:9      | Reached skill level 12 in Unarmed Combat
  7804 | D:9      | Noticed Gastronok
  7822 | D:9      | Killed Gastronok
  7939 | D:9      | Found Zin's Purification Station.
  7943 | D:9      | Found a glowing silver altar of Zin.
  7947 | D:9      | Bought a potion of curing for 90 gold pieces
  8151 | D:10     | Reached *** piety under Wu Jian
  8187 | D:10     | Identified the +8 rapier "Foigosis" {vorpal, rElec rF-
                  | Str+10 Int+7}
  8242 | D:10     | Found a faded altar of an unknown god.
  8244 | D:10     | Found a faded altar of an unknown god.
  8244 | D:10     | Found a hazy altar of Hepliaklqana.
  8460 | D:10     | Found an opulent altar of Gozag.
  8558 | D:11     | Noticed a two-headed ogre
  8569 | D:11     | Killed a two-headed ogre
  8791 | D:11     | Noticed Grum
  8798 | D:11     | Killed Grum
  8805 | D:11     | Noticed an eight-headed hydra
  8954 | D:11     | Noticed a two-headed ogre
  9082 | Lair:1   | Entered Level 1 of the Lair of Beasts
  9091 | Lair:1   | Found a runed translucent door.
  9119 | Lair:1   | Reached skill level 13 in Unarmed Combat
  9226 | Lair:1   | Noticed a four-headed hydra
  9246 | Lair:1   | Killed a four-headed hydra
  9247 | Lair:1   | Reached XP level 12. HP: 107/120 MP: 11/11
  9906 | Lair:1   | Noticed croobank's ghost (journeyman DsFE)
  9977 | Lair:2   | Found a staircase to the Snake Pit.
 10053 | Lair:2   | Reached **** piety under Wu Jian
 10159 | Lair:2   | Reached skill level 14 in Unarmed Combat
 10209 | Lair:2   | Identified the +5 long sword of the Mauling Gods
                  | {antimagic, rElec Int+3}
 10451 | Lair:2   | Found a glowing silver altar of Zin.
 10691 | Lair:2   | Got the Octavo of the Stinger
 10750 | Lair:3   | Noticed a boulder beetle
 10760 | Lair:3   | Killed a boulder beetle
 11040 | Lair:3   | Noticed a death yak
 11054 | Lair:3   | Noticed a death yak
 11057 | Lair:3   | Noticed a death yak
 11059 | Lair:3   | Noticed a death yak
 11061 | Lair:3   | Noticed a death yak
 11072 | Lair:3   | Killed a death yak
 11073 | Lair:3   | Reached skill level 10 in Shields
 11078 | Lair:3   | Reached XP level 13. HP: 131/131 MP: 12/12
 11139 | Lair:3   | Reached skill level 15 in Unarmed Combat
 11151 | Lair:3   | Reached ***** piety under Wu Jian
 11469 | Lair:3   | Found a staircase to the Shoals.
 11822 | Lair:4   | Found a viscous altar of Jiyva.
 11822 | Lair:4   | Found a staircase to the Slime Pits.
 12162 | Lair:5   | Entered Level 5 of the Lair of Beasts
 12442 | Lair:4   | Reached skill level 10 in Fighting
 12759 | D:11     | Found the +8 orange crystal plate armour {Archmagi, Int+3
                  | Clar}
 12765 | D:11     | Noticed Sonja
 12784 | D:11     | Reached skill level 16 in Unarmed Combat
 12819 | D:11     | Killed Sonja
 13004 | D:11     | Reached XP level 14. HP: 121/125 MP: 13/13
 13570 | D:12     | Found a gate leading to a gauntlet.
 13588 | Gauntlet | Entered a Gauntlet
 13588 | Gauntlet | Noticed a reaper
 13588 | Gauntlet | Found a transporter.
 13588 | Gauntlet | Found a transporter.
 13588 | Gauntlet | Found a transporter.
 13589 | Gauntlet | Found a transporter.
 13603 | Gauntlet | Found a transporter.
 13606 | Gauntlet | Found a transporter.
 13617 | Gauntlet | Found a transporter.
 13638 | Gauntlet | Found a transporter.
 13655 | Gauntlet | Found a transporter.
 13663 | Gauntlet | Found a transporter.
 13721 | Gauntlet | Found a transporter.
 13736 | Gauntlet | Found a transporter.
 14904 | D:13     | Found a gate to the Vaults.
 15846 | D:15     | Entered Level 15 of the Dungeon
 16065 | D:15     | Reached skill level 17 in Unarmed Combat
 16276 | D:15     | HP: 5/144 [white ugly thing (6)]
 16276 | D:15     | Annihilated by a white ugly thing

Illustrated notes

Levels and vault maps discovered:
D:1:      mrwooster_arrival_statue, layout_loops_ring,
          ebering_ecumenical_altar_abandoned
D:2:      layout_basic, amethyst_killhole, uniq_natasha
D:3:      layout_loops_corners, old_standard_altar,
          nicolae_ru_the_path_less_chosen, mainiacjoe_overflow_six_doors_small,
          serial_shops, shop
D:4:      layout_cave_pools, serial_rivers, chequers_serial_rivers_small_b,
          chequers_serial_rivers_micro_e, chequers_serial_rivers_micro_a,
          chequers_serial_rivers_micro_c, eino_tiny_chamber,
          kennysheep_orc_chapel
D:5:      layout_loops_cross, overflow_temple_1_default
D:6:      layout_loops_ring, elyvilon_altar_1, trog_hazing_becter
D:7:      layout_loops_ring, mainiacjoe_overflow_alcove_2,
          lemuel_temple_firewalk_b
D:8:      layout_gridville, minmay_ruined_shrine, uniq_maurice, uniq_psyche
D:9:      layout_cross, gammafunk_temple_overflow_claw, zin_purify,
          lemuel_crystal_altar, dpeg_lair_monsters, david_orc_4, serial_shops,
          shop, uniq_gastronok
D:10:     layout_small_grid, mainiacjoe_overflow_alcove_4,
          nicolae_hepliaklqana_ecumenical_no_more
D:11:     layout_basic, uniq_sonja, uniq_grum
D:12:     layout_cave_pools, gauntlet_entry_generic, minmay_curled_crystal,
          minmay_misc_feat_room, minmay_misc_feat_chi
D:13:     layout_loops_corners, erik_vaults_1
D:14:     layout_loops_ring, minmay_fountain_box, lemuel_freeze_loot_1
D:15:     gammafunk_enter_depths_forms, layout_loops_ring, chequers_big_river,
          drop_trap, uniq_nessos
Temple:   nicolae_temple_ecumenical_triangle
Lair:1:   layout_gridlike, ebering_ghost_reflecting_pool
Lair:2:   layout_small_grid, minmay_snake_entry_six_corridors, basic_altar
Lair:3:   layout_chaotic_city, elwin_shoals_entry_rooms, grunt_megastairs_1,
          lemuel_fruit_fields, infiniplex_staircase_pool
Lair:4:   dreamdust_isle_of_ice, layout_gridlike, slime_entry_1,
          grunt_megastairs_5
Lair:5:   minmay_lair_end_enchanted_forest, layout_regular_city, basic_altar,
          lemuel_fruit_tree

Skill      XL: |  1  2  3  4  5  6  7  8  9 10 11 12 13 14 |
---------------+-------------------------------------------+-----
Shields        | 3 4 5 6 7 9 10 11 | 11.6
Unarmed Combat | 3 4 5 6 8 10 11 13 14 16 17 | 17.1
Fighting       | 3 4 5 6 7 8 9 10 | 10.7
Dodging        | 3 5 6 7 8 9 |  9.5

Action                   |  1- 3 |  4- 6 |  7- 9 | 10-12 | 13-15 || total
-------------------------+-------+-------+-------+-------+-------++-------
Melee: Unarmed           |    89 |   197 |   290 |   692 |   538 ||  1806
       Rapier            |       |       |       |    22 |    43 ||    65
       Long sword        |       |       |       |     6 |     6 ||    12
Throw: Dart              |       |     3 |    14 |    14 |     7 ||    38
       Javelin           |       |       |     2 |       |    10 ||    12
       Throwing net      |       |       |     1 |       |       ||     1
       Large rock        |       |       |       |     8 |     6 ||    14
Invok: Lunge             |       |       |     8 |    14 |    29 ||    51
       Whirlwind         |       |       |       |    29 |    28 ||    57
       Serpent's Lash    |       |       |       |     4 |    17 ||    21
       Heavenly Storm    |       |       |       |       |     1 ||     1
 Abil: Wall Jump         |       |       |       |    21 |    27 ||    48
Evoke: Wand              |       |       |       |    14 |     3 ||    17
  Use: Scroll            |       |    12 |    12 |    10 |     7 ||    41
       Potion            |       |       |     1 |     2 |     3 ||     6
 Stab: Sleeping          |     1 |     2 |     1 |       |       ||     4
       Distracted        |       |       |     1 |       |       ||     1
       Held in net/web   |       |       |     1 |       |       ||     1
Armor: Robe              |    28 |    40 |    46 |       |       ||   114
       Steam dragon scal |       |       |    16 |    17 |       ||    33
       Troll leather arm |       |       |       |   201 |   210 ||   411
Dodge: Dodged            |    28 |    74 |    63 |   236 |   309 ||   710
Block: Kite shield       |    37 |    70 |    89 |   282 |   345 ||   823
